 Dungeon Crawl Stone Soup version 0.17-a0-1533-g2f57bce (webtiles) character file.

2466 namelastname112 the Basher (level 9, -7/78 HPs)
             Began as a White Draconian Skald on July 16, 2015.
             Was a Follower of Qazlal.
             Mangled by a warg (11 damage)
             ... on level 6 of the Dungeon.
             The game lasted 00:23:14 (9955 turns).

namelastname112 the Basher (White Draconian Skald)  Turns: 9955, Time: 00:23:15

Health: -7/78      AC: 10    Str: 14    XL:     9   Next: 26%
Magic:  4/4        EV: 15    Int: 13    God:    Qazlal [*.....]
Gold:   329        SH:  2    Dex: 14    Spells: 1 memorised, 11 levels left

rFire  . . .     SeeInvis .     y - +0 short sword "Mieremei" {antimagic, *Contam +Rage rN+++ Str-2} (curse)
rCold  + . .     Rnd*Rage +     (armour unavailable)
rNeg   + + +     SustAt   .     (no shield)
rPois  .         Gourm    .     (helmet restricted)
rElec  .         Spirit   .     o - +0 cloak
rCorr  .         Warding  .     (no gloves)
rMut   .         Stasis   .     m - +1 pair of boots
MR     .....                    s - amulet of inaccuracy (curse)
Stlth  ++........               i - ring of stealth
                                t - ring of flight

@: not resistant to hostile enchantments, unstealthy
A: breathe frost, unfitting armour, horns 1, berserk 1, cold resistance 1,
strong 1, cold-blooded, AC +7
a: Breathe Frost, Renounce Religion, Evoke Berserk Rage, Evoke Flight


You were on level 6 of the Dungeon.
You worshipped Qazlal.
Qazlal was aware of your devotion.
You were hungry.

You visited 2 branches of the dungeon, and saw 8 of its levels.
You also visited: Sewer and Ossuary.

You collected 329 gold pieces.

Inventory:

Hand weapons
 f - a +0 flail
 x - a +1 whip of freezing
 y - the cursed +0 short sword "Mieremei" (weapon) {antimagic, *Contam +Rage rN+++ Str-2}
   (You found it on level 6 of the Dungeon)

   It disrupts the flow of magical energy around spellcasters and certain
   magical creatures (including the wielder).
   It affects your strength (-2).
   It renders you almost immune to negative energy.
   It lets you go berserk.
   It causes magical contamination when unequipped.
   It has a curse placed upon it.
Armour
 m - a +1 pair of boots (worn)
 o - a +0 cloak (worn)
Jewellery
 i - a ring of stealth (right hand)
 l - an uncursed ring of sustain attributes
 s - a cursed amulet of inaccuracy (around neck)
 t - a ring of flight (left hand)
Scrolls
 d - 7 scrolls of teleportation
 e - 3 scrolls of recharging
 j - 3 scrolls of blinking
 k - 8 scrolls of identify
 p - 4 scrolls of fear
 q - a scroll of immolation
 B - a scroll of magic mapping
Potions
 g - 4 potions of lignification
 n - a potion of resistance {unknown}
 r - a potion of berserk rage {unknown}
 w - a potion of mutation
 z - 2 potions of flight {unknown}
 A - 4 potions of magic {unknown}
Books
 b - a book of Battle

   Spells                             Type                      Level
   a - Infusion                       Charms                       1
   b - Shroud of Golubria             Charms/Translocation         2
   c - Song of Slaying                Charms                       2
   d - Spectral Weapon                Hexes/Charms                 3
   e - Regeneration                   Charms/Necromancy            3
Comestibles
 c - 3 bread rations


   Skills:
 + Level 6.7 Fighting
 * Level 9.2 Maces & Flails
 + Level 5.7 Dodging
 - Level 2.0 Spellcasting
 - Level 2.6 Charms
 + Level 2.0 Invocations


You had 11 spell levels left.
You knew the following spells:

 Your Spells              Type           Power        Failure   Level  Hunger
a - Infusion              Chrm           #.....       10%         1    ##.....


Dungeon Overview and Level Annotations

Branches:
Dungeon (7/15)             Temple (1/1) D:6

Altars:
Ashenzari
Cheibriados
Elyvilon
Fedhas
Gozag
Kikubaaqudgha
Makhleb
Okawaru
Qazlal
Ru
Sif Muna
Trog
Vehumet
Xom
Yredelemnul
Zin
The Shining One

Shops:
D:6 [

Annotations:
D:7 Alipheese's ghost, experienced NaSk


Innate Abilities, Weirdness & Mutations

You can breathe waves of freezing cold.
You can buffet flying creatures when you breathe cold.
Your icy white scales are hard (AC +7).
Your body does not fit into most forms of armour.
Your flesh is cold resistant.
You are cold-blooded and may be slowed by cold attacks.
You have a pair of small horns on your head.
You tend to lose your temper in combat.
Your muscles are strong. (Str +2)


Message History

You hit the warg.
The warg is almost dead.
The warg bites you but does no damage.
The crimson imp hits you but does no damage.
You hit the warg.
The warg is almost dead.
The warg bites you but does no damage.
The crimson imp hits you but does no damage.
The warg bites you but does no damage.
You closely miss the warg.
The warg is almost dead.
The crimson imp hits you but does no damage.
The warg bites you but does no damage.
You hit the warg but do no damage.
The warg is almost dead.
You feel less woody.
Your +0 cloak unmelds from your body.
Your +1 pair of boots unmelds from your body.
The warg bites you!
You die...

.≈≈≈....#######.###.# #.#.# #
.........# #.....# #.#># #
.......#.# #.###.# #.#.# #
#.##.###.# #.##..# #...# ##
#.##.# #.# ###>##.## ##..# #.
#.##.# #.# #...##.# #..# #.
..##.# #.# #.####.# #..# #.
####.# #.####.####.#### #..# #. #
#.###.......h@5....# #..# #. #
#..........####.##.####.># #. #
##########.# #.##.......# #. #
#.# #.#######.#####. # ##### #.#
#.##..........<. # ##...##
#.####.#...........##
####.....####...†.......###.##.##
...............†...#...####.##.##
####.....#########.#..####.).#.##


You could see a warg and a crimson imp.

Vanquished Creatures
  Pikel (D:5)
  Menkaure (D:5)
  A warg (D:6)
  Duvessa (D:5)
  2 ogres
  A centaur (D:5)
  Dowan (D:5)
  7 scorpions
  3 wights (D:6)
  2 centaur zombies (Ossuary)
  2 crimson imps
  Ijyb (D:2)
  A giant frog skeleton (D:6)
  2 orc wizards
  An orc priest (D:6)
  6 worker ants
  2 big kobold zombies (Ossuary)
  A hound skeleton (D:4)
  3 mummies (Ossuary)
  A worker ant zombie (D:5)
  14 gnolls
  11 adders
  5 scorpion zombies (Ossuary)
  A shadow imp (D:5)
  An ooze (D:3)
  An adder skeleton (D:4)
  2 worms (D:3)
  5 giant geckos
  12 orcs
  15 bats
  5 giant cockroaches
  3 gnoll zombies (Ossuary)
  10 hobgoblins
  2 quokkas
  6 ball pythons
  14 giant newts
  12 goblins
  3 goblin zombies (Ossuary)
  A hobgoblin zombie (Ossuary)
  12 jackals
  9 kobolds
  An orc zombie (Ossuary)
  A quokka skeleton (D:4)
  19 rats
205 creatures vanquished.

Vanquished Creatures (others)
  3 scorpions (Ossuary)
  A gnoll (D:5)
  A gnoll zombie (Ossuary)
5 creatures vanquished.

Grand Total: 210 creatures vanquished

Notes
Turn   | Place    | Note
--------------------------------------------------------------
     0 | D:1      | namelastname112 the Draconian Skald began the quest for the Orb.
     0 | D:1      | Reached XP level 1. HP: 17/17 MP: 3/3
   414 | D:1      | Reached XP level 2. HP: 11/25 MP: 5/5
   963 | D:2      | Reached XP level 3. HP: 27/30 MP: 6/6
  1261 | D:2      | Noticed Ijyb
  1281 | D:2      | Killed Ijyb
  1281 | D:2      | Reached skill level 3 in Fighting
  1320 | D:2      | Reached XP level 4. HP: 36/38 MP: 7/7
  1331 | D:2      | Found a bloodstained altar of Trog.
  1332 | D:2      | Found a deep blue altar of Sif Muna.
  1335 | D:2      | Found a basalt altar of Yredelemnul.
  2364 | D:2      | Reached XP level 5. HP: 45/45 MP: 8/8
  2403 | D:2      | Reached skill level 4 in Maces & Flails
  2758 | D:2      | Found a snail-covered altar of Cheibriados.
  2760 | D:2      | Found a white marble altar of Elyvilon.
  3320 | D:3      | Found a faded altar to an unknown god.
  3791 | D:3      | Found an opulent altar of Gozag.
  3936 | D:4      | Reached XP level 6. HP: 52/52 MP: 9/9
  3957 | D:4      | Noticed an ogre
  3972 | D:4      | Killed an ogre
  3972 | D:4      | Reached skill level 5 in Maces & Flails
  4427 | D:5      | Entered Level 5 of the Dungeon
  4429 | D:5      | Noticed Dowan
  4887 | D:5      | Your scales start taking on an icy white colour.
  4887 | D:5      | Gained mutation: Your flesh is cold resistant. [White Draconian growth]
  4887 | D:5      | Reached XP level 7. HP: 60/60 MP: 10/10
  5025 | D:5      | Noticed Menkaure
  5036 | D:5      | Killed Menkaure
  5036 | D:5      | Reached skill level 6 in Maces & Flails
  5052 | D:5      | Noticed Duvessa
  5321 | D:5      | Killed Duvessa
  5643 | D:5      | Killed Dowan
  5643 | D:5      | Reached skill level 5 in Fighting
  6098 | D:5      | Noticed Pikel
  6123 | D:5      | Killed Pikel
  6123 | D:5      | Reached skill level 7 in Maces & Flails
  6123 | D:5      | Reached XP level 8. HP: 29/70 MP: 11/11
  6549 | D:6      | Reached skill level 8 in Maces & Flails
  6551 | D:6      | Reached skill level 5 in Dodging
  6851 | D:6      | Got a pitted short sword
  6858 | D:6      | Found a staircase to the Ecumenical Temple.
  6876 | Temple   | Entered the Ecumenical Temple
  6887 | Temple   | Became a worshipper of Qazlal Stormbringer
  6912 | D:6      | Found a glowing drain.
  6940 | Sewer    | Entered a sewer
  7852 | D:6      | Found Ufaish's Antique Armour Shop.
  7937 | D:6      | Reached XP level 9. HP: 24/78 MP: 12/12
  7995 | D:7      | Noticed Alipheese's ghost (experienced NaSk)
  8021 | D:7      | Found a sand-covered staircase.
  8026 | Ossuary  | Entered an ossuary
  8239 | Ossuary  | Acquired Qazlal's first power
  8504 | Ossuary  | Identified the cursed +0 short sword "Mieremei" {antimagic, *Contam +Rage rN+++ Str-2} (You found it on level 6 of the Dungeon)
  8555 | Ossuary  | Reached skill level 1 in Invocations
  8613 | Ossuary  | Reached skill level 9 in Maces & Flails
  9946 | D:6      | HP: 3/117 [warg (7)]
  9947 | D:6      | Gained mutation: You tend to lose your temper in combat. [potion of mutation]
  9947 | D:6      | Gained mutation: Your muscles are strong. (Str +2) [potion of mutation]
  9947 | D:6      | Gained mutation: You have a pair of small horns on your head. [potion of mutation]
  9955 | D:6      | Mangled by a warg

Vault maps used:
D:1:      minmay_arrival_solitary_statue
D:2:      nicolae_overflow_hidden_temple, uniq_iyjb
D:3:      lemuel_doored_altar, first_bread, ecumenical_altar_2, st_stairs_5
D:5:      uniq_pikel, uniq_menkaure, uniq_duvessa
D:6:      minmay_temple_entry_trees, portal_sewer_entry_a, serial_shops,
          kennysheep_mini_moat
D:7:      lemuel_castle_with_subvaults, enter_ossuary_1
Temple:   circular_temple_13
Sewer:    sewer_co_cracked_pipes
Ossuary:  ossuary_minmay_scorpions

Action                   |  1- 3 |  4- 6 |  7- 9 || total
-------------------------+-------+-------+-------++-------
Melee: Mace              |   134 |   344 |       ||   478
       Flail             |       |     4 |   152 ||   156
       Whip              |       |       |   263 ||   263
       Short sword       |       |       |   247 ||   247
 Abil: Breathe Frost     |       |       |     8 ||     8
       Evoke Flight      |       |       |     2 ||     2
  Use: Potion            |     1 |       |     8 ||     9
       Scroll            |       |     5 |     4 ||     9
 Stab: Sleeping          |     3 |    12 |     4 ||    19
       Distracted        |     1 |     1 |       ||     2
  Eat: Chunk             |     2 |     8 |     3 ||    13
       Meat ration       |       |     1 |     1 ||     2
       Royal jelly       |       |       |     1 ||     1
       Bread ration      |       |       |     1 ||     1
       Fruit             |       |       |     1 ||     1
       Pizza             |       |       |     1 ||     1
